UAA
IRVING BLUE SOX @ FT. POLK SOUTH THUNDER HAWKS
07/18/2017
 
TOP OF THE 1ST
Irving Blue Sox batting - Pitching for Ft. Polk South Thunder Hawks : RHP Sabino Ramírez
Pitching: RHP Sabino Ramírez
Batting: RHB Daniel Molina 0-0: Ground out 4-3 (Groundball, 4M)
Batting: RHB Anthony Johnston 0-0: Called Strike
0-1: Foul Ball, location: 2F
0-2: Ball
1-2: Ground out U3 (Groundball, 3S)
Batting: RHB Maurice Wiebe 0-0: Ball
1-0: Called Strike
1-1: Ball
2-1: Foul Ball, location: 2F
2-2: Strikes out swinging
Top of the 1st over - 0 run(s), 0 hit(s), 0 error(s), 0 left on base; Irving 0 - Ft. Polk South 0
BOTTOM OF THE 1ST
Ft. Polk South Thunder Hawks batting - Pitching for Irving Blue Sox : RHP Rafael Villalobos
Pitching: RHP Rafael Villalobos
Batting: RHB Akahele Kimokeo 0-0: Ball
1-0: Foul Ball, location: 2F
1-1: Fly out, F7 (Flyball, 78XD)
Batting: LHB Guomez Nabeiro 0-0: Called Strike
0-1: Fly out, F8 (Flyball, 8RM)
Batting: RHB Javier Díaz 0-0: Ball
1-0: Ground out 6-3 (Groundball, 6)
Bottom of the 1st over - 0 run(s), 0 hit(s), 0 error(s), 0 left on base; Irving 0 - Ft. Polk South 0
TOP OF THE 2ND
Irving Blue Sox batting - Pitching for Ft. Polk South Thunder Hawks : RHP Sabino Ramírez
Batting: RHB Dustin Johnstone 0-0: Foul Ball, location: 2F
0-1: Ball
1-1: Ball
2-1: Ball
3-1: SINGLE (Flyball, 7S)
Batting: RHB Will Hunter 0-0: Ball
1-0: Swinging Strike
1-1: Swinging Strike
1-2: Ball
Wild Pitch!
Dustin Johnstone to second
2-2: Strikes out swinging
Batting: SHB Ron Peterson 0-0: Ball
1-0: Ball
2-0: Called Strike
2-1: Swinging Strike
2-2: Ball
3-2: Foul Ball, location: 2F
3-2: Foul Ball, location: 2F
3-2: Strikes out swinging
Batting: RHB Wes Bradley 0-0: Ball
1-0: 2-RUN HOME RUN (Flyball, 78XD), Distance : 403 ft
Batting: RHB Alfredo Chávez 0-0: Foul Ball, location: 2F
0-1: Foul Ball, location: 2F
0-2: Ball
1-2: Ball
2-2: Strikes out swinging
Top of the 2nd over - 2 run(s), 2 hit(s), 0 error(s), 0 left on base; Irving 2 - Ft. Polk South 0
BOTTOM OF THE 2ND
Ft. Polk South Thunder Hawks batting - Pitching for Irving Blue Sox : RHP Rafael Villalobos
Batting: RHB Dave O'Day 0-0: Called Strike
0-1: Swinging Strike
0-2: Strikes out looking
Batting: RHB Joe Murray 0-0: Ball
1-0: Swinging Strike
1-1: Ball
2-1: Ground out 6-3 (Groundball, 6)
Batting: RHB Aurelio Annunziato 0-0: Ball
1-0: Fly out, F7 (Line Drive, 7S)
Bottom of the 2nd over - 0 run(s), 0 hit(s), 0 error(s), 0 left on base; Irving 2 - Ft. Polk South 0
TOP OF THE 3RD
Irving Blue Sox batting - Pitching for Ft. Polk South Thunder Hawks : RHP Sabino Ramírez
Batting: RHB Robbie Young 0-0: Called Strike
0-1: Called Strike
0-2: Ball
1-2: Ground out 3-1 (Groundball, 34)
Batting: RHB Daniel Molina 0-0: Foul Ball, location: 2F
0-1: Fly out, F7 (Popup, 7S)
Batting: RHB Anthony Johnston 0-0: SINGLE (Groundball, 4MS)
Batting: RHB Maurice Wiebe 0-0: Ball
1-0: Fly out, F9 (Flyball, 9D)
Top of the 3rd over - 0 run(s), 1 hit(s), 0 error(s), 1 left on base; Irving 2 - Ft. Polk South 0
BOTTOM OF THE 3RD
Ft. Polk South Thunder Hawks batting - Pitching for Irving Blue Sox : RHP Rafael Villalobos
Batting: RHB Fernando Camacho 0-0: SINGLE (Line Drive, 7S)
Batting: RHB Román Centena 0-0: Ball
1-0: SINGLE (Line Drive, 78S)
Fernando Camacho to second
Batting: LHB Raúl Valentín 0-0: Foul Ball, location: 2F
0-1: Ball
1-1: Ball
2-1: Ball
3-1: DOUBLE (Line Drive, 7LM)
Fernando Camacho scores
Román Centena to third
Batting: RHB Akahele Kimokeo 0-0: Called Strike
0-1: Foul Ball, location: 2F
0-2: Foul Ball, location: 2F
0-2: DOUBLE (Line Drive, 89XD)
Román Centena scores
Raúl Valentín scores
Batting: LHB Guomez Nabeiro 0-0: Ball
1-0: Ground out 1-3 (Groundball, 13)
Akahele Kimokeo to third
Batting: RHB Javier Díaz 0-0: Ball
1-0: Called Strike
1-1: Ground out 1-3 (Groundball, 15S)
Batting: RHB Dave O'Day 0-0: Ball
1-0: Ball
2-0: Ball
3-0: Base on Balls
Batting: RHB Joe Murray 0-0: Ball
1-0: Swinging Strike
1-1: Ball
2-1: Ground out 6-3 (Groundball, 6)
Bottom of the 3rd over - 3 run(s), 4 hit(s), 0 error(s), 2 left on base; Irving 2 - Ft. Polk South 3
TOP OF THE 4TH
Irving Blue Sox batting - Pitching for Ft. Polk South Thunder Hawks : RHP Sabino Ramírez
Batting: RHB Dustin Johnstone 0-0: Called Strike
0-1: Swinging Strike
0-2: Ball
1-2: Ball
2-2: Foul Ball, location: 2F
2-2: Strikes out swinging
Batting: RHB Will Hunter 0-0: Swinging Strike
0-1: Fly out, F2 (Popup, 2RF)
Batting: SHB Ron Peterson 0-0: Foul Ball, location: 2F
0-1: Ball
1-1: Swinging Strike
1-2: Fly out, F9 (Flyball, 9M)
Top of the 4th over - 0 run(s), 0 hit(s), 0 error(s), 0 left on base; Irving 2 - Ft. Polk South 3
BOTTOM OF THE 4TH
Ft. Polk South Thunder Hawks batting - Pitching for Irving Blue Sox : RHP Rafael Villalobos
Batting: RHB Aurelio Annunziato 0-0: Fly out, F4 (Popup, 4M)
Batting: RHB Fernando Camacho 0-0: Foul Ball, location: 2F
0-1: Swinging Strike
0-2: Ball
1-2: Foul Ball, location: 2F
1-2: Strikes out swinging
Batting: RHB Román Centena 0-0: Ball
1-0: SINGLE (Line Drive, 56D)
Batting: LHB Raúl Valentín 0-0: SINGLE (Flyball, 78S)
Román Centena to second
Batting: RHB Akahele Kimokeo 0-0: Ground out 5-3 (Groundball, 5L)
Bottom of the 4th over - 0 run(s), 2 hit(s), 0 error(s), 2 left on base; Irving 2 - Ft. Polk South 3
TOP OF THE 5TH
Irving Blue Sox batting - Pitching for Ft. Polk South Thunder Hawks : RHP Sabino Ramírez
Batting: RHB Wes Bradley 0-0: Ball
1-0: Fly out, F7 (Flyball, 7S)
Batting: RHB Alfredo Chávez 0-0: Foul Ball, location: 2F
0-1: Ball
1-1: Ball
2-1: Ball
3-1: DOUBLE (Flyball, 7M)
Batting: RHB Robbie Young 0-0: Ball
1-0: Fly out, F6 (Line Drive, 6M)
Batting: RHB Daniel Molina 0-0: Ball
1-0: Foul Ball, location: 2F
1-1: Ball
2-1: Called Strike
2-2: Fly out, F8 (Flyball, 8LM)
Top of the 5th over - 0 run(s), 1 hit(s), 0 error(s), 1 left on base; Irving 2 - Ft. Polk South 3
BOTTOM OF THE 5TH
Ft. Polk South Thunder Hawks batting - Pitching for Irving Blue Sox : RHP Rafael Villalobos
Batting: LHB Guomez Nabeiro 0-0: Ball
1-0: SINGLE (Line Drive, 8RS)
Batting: RHB Javier Díaz 0-0: Fly out, F8 (Flyball, 8RM)
Batting: RHB Dave O'Day 0-0: Ball
1-0: Called Strike
1-1: Called Strike
1-2: Ball
2-2: Foul Ball, location: 2F
2-2: Ball
3-2: Strikes out swinging
Batting: RHB Joe Murray 0-0: Ball
1-0: Ball
2-0: SINGLE (Groundball, 56D)
Guomez Nabeiro to second
Batting: RHB Aurelio Annunziato 0-0: Ball
1-0: Foul Ball, location: 2F
1-1: Called Strike
1-2: Reached on Error, E7 (Line Drive, 7M)
Guomez Nabeiro scores
Joe Murray to third
Batting: RHB Fernando Camacho 0-0: Ball
1-0: Ball
2-0: Ball
3-0: Called Strike
3-1: Base on Balls
Batting: RHB Román Centena 0-0: Foul Ball, location: 2F
0-1: Ball
1-1: Ball
2-1: Fly out, F6 (Line Drive, 6)
Bottom of the 5th over - 1 run(s), 2 hit(s), 1 error(s), 3 left on base; Irving 2 - Ft. Polk South 4
TOP OF THE 6TH
Irving Blue Sox batting - Pitching for Ft. Polk South Thunder Hawks : RHP Sabino Ramírez
Batting: RHB Anthony Johnston 0-0: Ball
1-0: Ball
2-0: Called Strike
2-1: Ball
3-1: Base on Balls
Batting: RHB Maurice Wiebe 0-0: Swinging Strike
0-1: Ball
1-1: Ball
2-1: Swinging Strike
2-2: Strikes out swinging
Batting: RHB Dustin Johnstone 0-0: Ball
Wild Pitch!
Anthony Johnston to second
1-0: Ground out 4-3 (Groundball, 6MS)
Anthony Johnston to third
Batting: RHB Will Hunter 0-0: Ball
1-0: Ball
2-0: SINGLE (Flyball, 9S)
Anthony Johnston scores
Batting: SHB Ron Peterson 0-0: Ball
1-0: Called Strike
1-1: Foul Ball, location: 2F
1-2: Ball
2-2: Ball
3-2: Ground out 1-3 (Groundball, 13)
Top of the 6th over - 1 run(s), 1 hit(s), 0 error(s), 1 left on base; Irving 3 - Ft. Polk South 4
BOTTOM OF THE 6TH
Ft. Polk South Thunder Hawks batting - Pitching for Irving Blue Sox : RHP Rafael Villalobos
Batting: LHB Raúl Valentín 0-0: Ball
1-0: Called Strike
1-1: Ball
2-1: Called Strike
2-2: Ground out 4-3 (Groundball, 34)
Batting: RHB Akahele Kimokeo 0-0: Called Strike
0-1: Ball
1-1: Foul Ball, location: 2F
1-2: Ground out 4-3 (Groundball, 4)
Batting: LHB Guomez Nabeiro 0-0: Ball
1-0: Swinging Strike
1-1: Ball
2-1: SINGLE (Groundball, 56D)
Batting: RHB Javier Díaz 0-0: Ball
1-0: Called Strike
1-1: Called Strike
1-2: Foul Ball, location: 2F
1-2: Ball
2-2: Foul Ball, location: 2F
2-2: Strikes out looking
Bottom of the 6th over - 0 run(s), 1 hit(s), 0 error(s), 1 left on base; Irving 3 - Ft. Polk South 4
TOP OF THE 7TH
Irving Blue Sox batting - Pitching for Ft. Polk South Thunder Hawks : RHP Sabino Ramírez
Batting: RHB Wes Bradley 0-0: Ball
1-0: Fly out, F4 (Popup, 34D)
Batting: RHB Alfredo Chávez 0-0: Ball
1-0: Ball
2-0: Called Strike
2-1: Ball
3-1: Fly out, F9 (Line Drive, 89M)
Batting: RHB Robbie Young 0-0: Ball
1-0: Ball
2-0: Swinging Strike
2-1: Ground out 5-3 (Groundball, 56)
Top of the 7th over - 0 run(s), 0 hit(s), 0 error(s), 0 left on base; Irving 3 - Ft. Polk South 4
BOTTOM OF THE 7TH
Ft. Polk South Thunder Hawks batting - Pitching for Irving Blue Sox : RHP Rafael Villalobos
Batting: RHB Dave O'Day 0-0: Ball
1-0: Swinging Strike
1-1: Ball
2-1: Ball
3-1: Foul Ball, location: 2F
3-2: Ground out 6-3 (Groundball, 6M)
Batting: RHB Joe Murray 0-0: Called Strike
0-1: Ball
1-1: Foul Ball, location: 2F
1-2: Ball
2-2: Fly out, F8 (Flyball, 8RXD)
Batting: RHB Aurelio Annunziato 0-0: Ball
1-0: Ball
2-0: Called Strike
2-1: Fly out, F8 (Flyball, 8RS)
Bottom of the 7th over - 0 run(s), 0 hit(s), 0 error(s), 0 left on base; Irving 3 - Ft. Polk South 4
TOP OF THE 8TH
Irving Blue Sox batting - Pitching for Ft. Polk South Thunder Hawks : RHP Sabino Ramírez
Batting: RHB Daniel Molina 0-0: Foul Ball, location: 2F
0-1: Ball
1-1: Ball
2-1: Foul Ball, location: 2F
2-2: Strikes out swinging
Pitching: RHP Roberto Bernard
Batting: RHB Anthony Johnston 0-0: Called Strike
0-1: Ball
1-1: Fly out, F2 (Popup, 2LF)
Pitching: RHP Pedro Pagán
Batting: RHB Maurice Wiebe 0-0: Ball
1-0: Swinging Strike
1-1: Ground out 6-3 (Groundball, 6)
Top of the 8th over - 0 run(s), 0 hit(s), 0 error(s), 0 left on base; Irving 3 - Ft. Polk South 4
BOTTOM OF THE 8TH
Ft. Polk South Thunder Hawks batting - Pitching for Irving Blue Sox : RHP Rafael Villalobos
Pitching: LHP Mario Jiménez
Batting: RHB Fernando Camacho 0-0: Ball
1-0: Ball
2-0: Called Strike
2-1: Ball
3-1: SINGLE (Groundball, 34D)
Pinch Hitting: RHB Michael Collins 0-0: Ball
1-0: Swinging Strike
1-1: Fielders Choice at 2nd, 1-4 (Groundball, 25)
Batting: LHB Raúl Valentín 0-0: Foul Ball, location: 2F
0-1: Ball
1-1: Ball
2-1: Fielders Choice at 2nd, 6-4 (Groundball, 6M)
Batting: RHB Akahele Kimokeo 0-0: Foul Ball, location: 2F
0-1: Swinging Strike
0-2: Ball
1-2: Strikes out swinging
Bottom of the 8th over - 0 run(s), 1 hit(s), 0 error(s), 1 left on base; Irving 3 - Ft. Polk South 4
TOP OF THE 9TH
Irving Blue Sox batting - Pitching for Ft. Polk South Thunder Hawks : RHP Pedro Pagán
Pitching: LHP Dale Stevens
Now in CF: Michael Collins
Batting: RHB Dustin Johnstone 0-0: Ball
1-0: Called Strike
1-1: Ball
2-1: Ball
3-1: SINGLE (Popup, 5S)
Batting: RHB Will Hunter 0-0: Called Strike
0-1: Ball
1-1: Ball
2-1: Foul Ball, location: 2F
2-2: Ball
3-2: Base on Balls
Dustin Johnstone to second
Batting: SHB Ron Peterson 0-0: Foul Ball, location: 2F
0-1: SINGLE (Line Drive, 9LM)
Dustin Johnstone to third
Will Hunter to second
Batting: RHB Wes Bradley 0-0: Fly out, F8 (Flyball, 89M)
Runner from 3rd tags up, SCORES, throw made
Batting: RHB Alfredo Chávez 0-0: Ball
1-0: Called Strike
1-1: Fly out, F3 (Popup, 3F)
Batting: RHB Robbie Young 0-0: Swinging Strike
0-1: Called Strike
0-2: Strikes out swinging
Top of the 9th over - 1 run(s), 2 hit(s), 0 error(s), 2 left on base; Irving 4 - Ft. Polk South 4
BOTTOM OF THE 9TH
Ft. Polk South Thunder Hawks batting - Pitching for Irving Blue Sox : LHP Mario Jiménez
Pitching: LHP Bryan Jones
Pinch Hitting: RHB Austin Williams 0-0: Ball
1-0: Ball
2-0: Ball
3-0: Base on Balls
Batting: RHB Javier Díaz 0-0: Ball
1-0: Grounds into double play, 6-4-3 (Groundball, 6M)
Batting: RHB Dave O'Day 0-0: Foul Ball, location: 2F
0-1: Fly out, F4 (Popup, 3D)
Bottom of the 9th over - 0 run(s), 0 hit(s), 0 error(s), 0 left on base; Irving 4 - Ft. Polk South 4
TOP OF THE 10TH
Irving Blue Sox batting - Pitching for Ft. Polk South Thunder Hawks : LHP Dale Stevens
Now at 2B: Austin Williams
Batting: RHB Daniel Molina 0-0: Ball
1-0: Foul Ball, location: 2F
1-1: Foul Ball, location: 2F
1-2: Fly out, F7 (Line Drive, 78S)
Batting: RHB Anthony Johnston 0-0: Foul Ball, location: 2F
0-1: Ball
1-1: Swinging Strike
1-2: Foul Ball, location: 2F
1-2: Foul Ball, location: 2F
1-2: Foul Ball, location: 2F
1-2: Ball
2-2: Ball
3-2: Base on Balls
Batting: RHB Maurice Wiebe 0-0: Ball
1-0: Swinging Strike
1-1: Foul Ball, location: 2F
1-2: Ball
2-2: Ball
3-2: Strikes out swinging
Anthony Johnston is caught stealing 2nd base
Batter strikes out.
Top of the 10th over - 0 run(s), 0 hit(s), 0 error(s), 0 left on base; Irving 4 - Ft. Polk South 4
BOTTOM OF THE 10TH
Ft. Polk South Thunder Hawks batting - Pitching for Irving Blue Sox : LHP Bryan Jones
Pinch Hitting: SHB Josef Koper 0-0: Fly out, F2 (Popup, 2RF)
Batting: RHB Aurelio Annunziato 0-0: Ball
1-0: Swinging Strike
1-1: Ball
2-1: Swinging Strike
2-2: Ball
3-2: Strikes out swinging
Batting: RHB Fernando Camacho 0-0: Ground out U3 (Groundball, 3)
Bottom of the 10th over - 0 run(s), 0 hit(s), 0 error(s), 0 left on base; Irving 4 - Ft. Polk South 4
TOP OF THE 11TH
Irving Blue Sox batting - Pitching for Ft. Polk South Thunder Hawks : LHP Dale Stevens
Pitching: RHP Dax Perry
Now at SS: Josef Koper
Pinch Hitting: LHB Francisco Rivas 0-0: Ground out 5-3 (Groundball, 56S)
Pinch Hitting: LHB Mark Crawford 0-0: Ground out 4-3 (Groundball, 4)
Pinch Hitting: LHB Will Sherman 0-0: Swinging Strike
0-1: Foul Ball, location: 2F
0-2: Ball
1-2: Foul Ball, location: 2F
1-2: Ball
2-2: Fly out, F7 (Flyball, 7M)
Top of the 11th over - 0 run(s), 0 hit(s), 0 error(s), 0 left on base; Irving 4 - Ft. Polk South 4
BOTTOM OF THE 11TH
Ft. Polk South Thunder Hawks batting - Pitching for Irving Blue Sox : LHP Bryan Jones
Pitching: RHP Jim Unknown
Now at C: Raymond Thomas
Now at 2B: Oscar Riley
Now in RF: Mark Crawford
Batting: RHB Michael Collins 0-0: Ball
1-0: Foul Ball, location: 2F
1-1: Ball
2-1: Called Strike
2-2: SINGLE (Flyball, 89S)
Pinch Hitting: LHB José López 0-0: Called Strike
0-1: Foul Ball, location: 2F
0-2: Strikes out swinging
Batting: RHB Akahele Kimokeo 0-0: Ball
1-0: Foul Ball, location: 2F
1-1: Ball
2-1: Called Strike
2-2: Strikes out swinging
Batting: RHB Austin Williams 0-0: Swinging Strike
0-1: Ball
1-1: Foul Ball, location: 2F
1-2: Strikes out swinging
Bottom of the 11th over - 0 run(s), 1 hit(s), 0 error(s), 1 left on base; Irving 4 - Ft. Polk South 4
TOP OF THE 12TH
Irving Blue Sox batting - Pitching for Ft. Polk South Thunder Hawks : RHP Dax Perry
Now at C: Ted Hansen
Batting: RHB Wes Bradley 0-0: Called Strike
0-1: Ground out 6-3 (Groundball, 6)
Pinch Hitting: RHB Tom Harris 0-0: Ball
1-0: SINGLE (Flyball, 8LS)
Batting: RHB Robbie Young 0-0: Ball
1-0: Ball
2-0: Foul Ball, location: 2F
2-1: Fly out, F8 (Flyball, 8RD)
Batting: RHB Daniel Molina 0-0: Ball
1-0: SINGLE (Flyball, 7S)
Tom Harris to second
Batting: RHB Anthony Johnston 0-0: Ball
1-0: Ball
2-0: Swinging Strike
2-1: Ball
3-1: Fly out, F9 (Flyball, 9LM)
Top of the 12th over - 0 run(s), 2 hit(s), 0 error(s), 2 left on base; Irving 4 - Ft. Polk South 4
BOTTOM OF THE 12TH
Ft. Polk South Thunder Hawks batting - Pitching for Irving Blue Sox : RHP Jim Unknown
Now in CF: Tom Harris
Batting: RHB Javier Díaz 0-0: Foul Ball, location: 2F
0-1: Foul Ball, location: 2F
0-2: Foul Ball, location: 2F
0-2: Foul Ball, location: 2F
0-2: Ground out 1-3 (Groundball, 13S)
Batting: RHB Dave O'Day 0-0: Ball
1-0: Foul Ball, location: 2F
1-1: Ball
2-1: Foul Ball, location: 2F
2-2: SINGLE (Line Drive, 9LS)
Batting: SHB Josef Koper 0-0: Ball
1-0: Called Strike
1-1: SINGLE (Line Drive, 6M)
Dave O'Day to second
Batting: RHB Aurelio Annunziato 0-0: Ball
1-0: Ball
2-0: Foul Ball, location: 2F
2-1: Sac Bunt - play at first, batter OUT! 1-4
Dave O'Day to third
Josef Koper to second
Batting: RHB Fernando Camacho 0-0: Ball
1-0: Swinging Strike
1-1: Called Strike
1-2: Strikes out swinging
Bottom of the 12th over - 0 run(s), 2 hit(s), 0 error(s), 2 left on base; Irving 4 - Ft. Polk South 4
TOP OF THE 13TH
Irving Blue Sox batting - Pitching for Ft. Polk South Thunder Hawks : RHP Dax Perry
Batting: RHB Maurice Wiebe 0-0: Ball
1-0: Swinging Strike
1-1: Ball
2-1: Ground out 4-3 (Groundball, 4)
Batting: LHB Raymond Thomas 0-0: Ball
1-0: Called Strike
1-1: Swinging Strike
1-2: Strikes out swinging
Batting: LHB Mark Crawford 0-0: Swinging Strike
0-1: Ball
1-1: Called Strike
1-2: Ball
2-2: Foul Ball, location: 2F
2-2: Strikes out swinging
Top of the 13th over - 0 run(s), 0 hit(s), 0 error(s), 0 left on base; Irving 4 - Ft. Polk South 4
BOTTOM OF THE 13TH
Ft. Polk South Thunder Hawks batting - Pitching for Irving Blue Sox : RHP Jim Unknown
Pitching: RHP Carlos Velázquez
Batting: RHB Michael Collins 0-0: Ball
1-0: Called Strike
1-1: Ball
2-1: Called Strike
2-2: SINGLE (Line Drive, 34D)
Pinch Hitting: RHB Steve Camp 0-0: Sac Bunt - play at second, runner OUT! 3-6
Batting: RHB Akahele Kimokeo 0-0: Ball
1-0: Foul Ball, location: 2F
1-1: Called Strike
1-2: Ball
2-2: 2-RUN HOME RUN (Flyball, 7D), Distance : 368 ft
This league is powered by Out of the Park Baseball, the baseball management simulation game for PC, Mac and Linux
Saturday, February 27th, 2021 - OOTP Baseball 15.6 Build 34